 Dungeon Crawl Stone Soup version 0.28.0-53-g5a82cb258f (webtiles) character file.

Game seed: 950879038696461672

1302 GigaChad the Carver (level 8, -7/70 HPs)
             Began as a Minotaur Fighter on Aug 23, 2022.
             Was an Initiate of Ashenzari.
             Killed by divine providence
             ... invoked by an orc priest
              (8 damage)
             ... on level 5 of the Dungeon.
             The game lasted 00:12:54 (4228 turns).

GigaChad the Carver (Minotaur Fighter)              Turns: 4228, Time: 00:12:55

Health: -7/70      AC: 12    Str: 22    XL:     8   Next: 31%
Magic:  7/7        EV:  8    Int:  5    God:    Ashenzari [......]
Gold:   141        SH:  5    Dex: 11    Spells: 7/7 levels left

rFire   . . .      SeeInvis .   a - +1 long sword
rCold   . . .      Faith    .   c - +0 buckler
rNeg    . . .      Spirit   .   t - +0 chain mail
rPois   .          Reflect  .   g - +2 hat "Ensconced Together" {Evo, Melee} (curse)
rElec   .          Harm     .   (no cloak)
rCorr   .          Rampage  .   (no gloves)
Will    .....                   (no boots)
Stlth   ..........              (no amulet)
HPRegen 0.21/turn               (no ring)
MPRegen 0.10/turn               (no ring)

@: no status effects
A: horns 2, retaliatory headbutt
a: Renounce Religion, Shatter the Chains


You were on level 5 of the Dungeon.
You worshipped Ashenzari.
Ashenzari was noncommittal.
You visited 1 branch of the dungeon, and saw 6 of its levels.

You collected 141 gold pieces.

Inventory:

Hand Weapons
 a - a +1 long sword (weapon)
 m - the +5 dagger "Ceplos" {holy, Int+7}
   (You found it on level 3 of the Dungeon)

   It has been blessed by the Shining One to cause great damage to the undead
   and demons.
   Int:       It affects your intelligence (+7).
 n - a +1 flail of protection
 o - a +1 whip of flaming
 s - a +0 battleaxe
Missiles
 v - a throwing net (quivered)
Armour
 b - a +0 scale mail
 c - a +0 buckler (worn)
 g - the cursed +2 hat "Ensconced Together" (worn) {Evo, Melee}
   (You found it on level 2 of the Dungeon)

   It has a curse which improves the following skills: Evocations: Evocations.
   Melee Combat: Short Blades, Long Blades, Axes, Maces & Flails, Polearms,
   Staves and Unarmed Combat.
 p - a +1 robe of fire resistance
 t - a +0 chain mail (worn)
Jewellery
 r - an amulet of faith
Scrolls
 h - 2 scrolls of identify
 j - a scroll of torment
 l - 2 scrolls of amnesia
 u - a scroll of enchant armour {unknown}
Potions
 d - a potion of might
 e - a potion of degeneration {unknown}
 f - a potion of attraction {unknown}
 i - a potion of invisibility {unknown}
 k - a potion of mutation {unknown}
 q - a potion of flight {unknown}
 w - a potion of heal wounds {unknown}


   Skills:
 + Level 6.0 Fighting
 + Level 0.7(4.8) Short Blades
 + Level 8.3(8.8) Long Blades
 + Level 6.8 Armour
 + Level 2.3 Dodging
 + Level 1.1 Stealth
 + Level 5.0 Shields


You had 7 spell levels left.
You didn't know any spells.
Your spell library contained the following spells:

 Spells                   Type           Power      Damage    Failure   Level
 Olgreb's Toxic Radiance  Pois           0%         N/A       100%        4
 Ozocubu's Refrigeration  Ice            0%         4d5       100%        7
 Ignition                 Fire           0%         3d3       100%        8


Dungeon Overview and Level Annotations

Branches:
Dungeon (6/15)
 Temple: D:4-7

Altars:
Ashenzari
Fedhas
Nemelex Xobeh
Ru
Sif Muna

Shops:
D:2 =(**

Annotations:
D:4 2 transporters, GigaChad's ghost, amateur MiFi


Innate Abilities, Weirdness & Mutations

You have a pair of horns on your head.
You reflexively headbutt those who attack you in melee.


Message History

You hit the centaur.
You kill the centaur!
The orc priest calls down the wrath of Beogh upon you.
Pain shoots through your body! The orc closely misses you.
The orc hits you with a +0 mace. The gnoll closely misses you.
The gnoll hits you from afar with a +0 spear.
* * * LOW HITPOINT WARNING * * *
The orc priest mumbles some strange prayers to Beogh against you.
Beogh smites you!
* * * LOW HITPOINT WARNING * * *
Your Fighting skill increases to level 6!
The orc priest calls upon Beogh to heal the orc.
The orc's wounds heal themselves!
The orc hits you with a +0 mace.
* * * LOW HITPOINT WARNING * * *
The gnoll hits you but does no damage.
You barely miss the orc. You block the orc's attack.
You hit the orc but do no damage. The orc hits you but does no damage.
You hit the orc.
The orc is moderately wounded.
The orc hits you with a +0 hand axe.
* * * LOW HITPOINT WARNING * * *
You closely miss the orc.
The orc is moderately wounded.
The orc closely misses you. You furiously retaliate!
You headbutt the orc!
You kill the orc!
You slash the orc!
The orc is almost dead.
The orc hits you but does no damage.
You hit the orc.
You kill the orc!
You hit the orc priest.
The orc priest is lightly wounded.
The orc priest hits you with a +1 vorpal flail.
* * * LOW HITPOINT WARNING * * *
x2 You slash the orc priest!
The orc priest is almost dead.
The orc priest looks braver for a moment.
The orc priest mumbles some strange prayers to Beogh against you.
Beogh smites you!
You die...

.... ###+#.## .... #...... ...
#...(.#### . #....?.... ..
#......... #### .$..##.o...####
...... .......)o...... ####.#
#.#####g####### .# #.@oog...# .#
#.####.#.# .## #.# #...# ####...
#.# ##..#####
....###########[#####......######
.................................
....#######.######......##.#.####
##### #......'......##...###
#.######....#.##.....#


You could see 2 orc priests and 2 gnolls.

Vanquished Creatures
  Pikel (D:4)
  Grinder (D:3)
  Duvessa (D:4)
  2 centaurs (D:5)
  A scorpion (D:4)
  Dowan (D:4)
  A hound (D:4)
  An iguana (D:4)
  Terence (D:3)
  2 hound skeletons (D:4)
  Robin (D:2)
  7 adders
  5 gnolls
  An adder skeleton (D:4)
  A worm (D:2)
  5 dart slugs
  3 orcs
  3 ball pythons
  3 bats
  4 endoplasms
  A giant cockroach (D:1)
  13 goblins
  6 hobgoblins
  3 kobolds (D:3)
  6 quokkas
  6 rats
80 creatures vanquished.

Vanquished Creatures (others)
  2 fungi (D:2)
  4 plants
6 creatures vanquished.

Grand Total: 86 creatures vanquished

Notes
Turn   | Place    | Note
-------+----------+-------------------------------------------
     0 | D:1      | GigaChad the Minotaur Fighter began the quest for the Orb.
     0 | D:1      | Reached XP level 1. HP: 19/19 MP: 0/0
   157 | D:1      | Reached XP level 2. HP: 17/27 MP: 1/1
   718 | D:2      | Noticed Robin
   738 | D:2      | Reached XP level 3. HP: 15/33 MP: 2/2
   742 | D:2      | Killed Robin
  1145 | D:2      | Reached skill level 3 in Long Blades
  1153 | D:2      | Found a sparkling altar of Nemelex Xobeh.
  1174 | D:2      | Reached XP level 4. HP: 37/41 MP: 3/3
  1242 | D:2      | Found Ufimumae's Antique Weapon Shoppe.
  1263 | D:2      | Found Saor's Assorted Antiques.
  1312 | D:2      | Found a faded altar of an unknown god.
  1350 | D:2      | Prayed at the altar of an unknown god.
  1350 | D:2      | Became a worshipper of Sif Muna the Loreminder
  1350 | D:2      | Reached * piety under Sif Muna
  1397 | D:2      | Found Zaghepru's Assorted Antiques.
  1575 | D:2      | Found Etoy's Jewellery Boutique.
  1940 | D:3      | Found a blossoming altar of Fedhas.
  2051 | D:3      | Found a sacrificial altar of Ru.
  2128 | D:3      | Noticed Terence
  2138 | D:3      | Killed Terence
  2487 | D:3      | Found a broken altar of Ashenzari.
  2523 | D:3      | Fell from the grace of Sif Muna
  2523 | D:3      | Became a worshipper of Ashenzari the Shackled
  2641 | D:3      | Noticed Grinder
  2645 | D:3      | Paralysed by Grinder for 4 turns
  2653 | D:3      | Killed Grinder
  2654 | D:3      | Reached skill level 5 in Fighting
  2654 | D:3      | Reached skill level 5 in Long Blades
  2654 | D:3      | Reached skill level 5 in Armour
  2654 | D:3      | Reached XP level 5. HP: 23/48 MP: 4/4
  2654 | D:3      | Reached XP level 6. HP: 27/56 MP: 5/5
  2659 | D:3      | Identified the +5 dagger "Ceplos" {holy, Int+7}
  3289 | D:4      | Noticed Pikel
  3312 | D:4      | Killed Pikel
  3313 | D:4      | Reached skill level 6 in Long Blades
  3313 | D:4      | Reached skill level 1 in Dodging
  3313 | D:4      | Reached skill level 1 in Stealth
  3313 | D:4      | Reached XP level 7. HP: 40/61 MP: 6/6
  3420 | D:4      | Found a transporter.
  3453 | D:4      | Found a transporter.
  3457 | D:4      | Noticed GigaChad's ghost (amateur MiFi)
  3627 | D:4      | Noticed Dowan
  3627 | D:4      | Noticed Duvessa
  3644 | D:4      | Killed Duvessa
  3645 | D:4      | Reached skill level 7 in Long Blades
  3649 | D:4      | Killed Dowan
  3650 | D:4      | Reached skill level 5 in Shields
  3877 | D:4      | Reached XP level 8. HP: 59/63 MP: 7/7
  4000 | D:4      | You fall into a shaft and drop 2 floors!
  4029 | D:5      | Entered Level 5 of the Dungeon
  4100 | D:5      | Reached skill level 8 in Long Blades
  4223 | D:5      | HP: 2/70 [orc/+0 hand axe (6)]
  4228 | D:5      | Killed from afar by an orc priest

Illustrated notes

Levels and vault maps discovered:
D:1:      dpeg_arrival_simpleton_c, layout_basic, serial_bayou_pond_a
D:2:      layout_basic, shapermc_ecumenical_altar_ellora, basic_altar,
          serial_shops, shop, nicolae_square_shop, nicolae_diamond_shop,
          nicolae_shop_behind_doors, uniq_robin
D:3:      layout_basic, fedhas_ov_isle_minmay, nicolae_overflow_hidden_temple,
          lemuel_crystal_altar, st_stairs_6, uniq_grinder, uniq_terence
D:4:      layout_loops_ring, gammafunk_ghost_stat_death, minmay_circle_x,
          uniq_duvessa, uniq_pikel
D:5:      layout_basic, gup_sewer_entry_pipe, uniq_ijyb
D:6:      lemuel_ratsnest, layout_loops_corners, mainiacjoe_overflow_catwalk,
          minmay_temple_entry_butterflies, minivault_26, hangedman_decor_push,
          uniq_sigmund

Skill      XL: |  1  2  3  4  5  6  7  8 |
---------------+-------------------------+-----
Fighting       | 4 5 6 |  6.0
Armour         | 4 5 6 |  6.8
Shields        | 4 5 |  5.0
Long Blades    | 3 5 6 7 8 |  8.3
Dodging        | 1 2 |  2.3
Stealth        | 1 |  1.1
Short Blades   | |  0.7

Action                   |  1- 3 |  4- 6 |  7- 9 || total
-------------------------+-------+-------+-------++-------
Melee: Long sword        |    68 |    78 |    78 ||   224
       Headbutt          |    11 |    17 |     8 ||    36
       Dagger            |       |     5 |       ||     5
Invok: Curse Item        |       |       |     1 ||     1
  Use: Scroll            |     2 |     4 |       ||     6
Armor: Scale mail        |    36 |    27 |    15 ||    78
       Chain mail        |       |       |    43 ||    43
Dodge: Dodged            |    40 |    34 |    44 ||   118
Block: Buckler           |    24 |     9 |    17 ||    50
